 Dungeon Crawl Stone Soup version 0.17.0 (webtiles) character file.

2 dpvblackbelt the Vexing (level 1, 10/13 HPs)
             Began as an Octopode Arcane Marksman on Nov 5, 2015.
             Quit the game on level 1 of the Dungeon on Nov 6, 2015.
             The game lasted 00:02:40 (92 turns).

dpvblackbelt the Vexing (Octopode Arcane Marksman)    Turns: 92, Time: 00:02:40

Health: 10/13      AC:  1    Str: 10    XL:     1   Next: 40%
Magic:  2/2        EV: 12    Int: 15    God:
Gold:   9          SH:  0    Dex: 11    Spells: 1 memorised, 1 level left

rFire  . . .     SeeInvis .     (no weapon)
rCold  . . .     Clarity  .     (no shield)
rNeg   . . .     SustAt   .     (helmet restricted)
rPois  .         Gourm    .     (no amulet)
rElec  .         Spirit   .     (no ring)
rCorr  .         Warding  .     (no ring)
rMut   .         Stasis   .     (no ring)
MR     .....                    (no ring)
Stlth  ++........               (no ring)
                                (no ring)
                                (no ring)
                                (no ring)

@: not resistant to hostile enchantments, unstealthy
A: almost no armour, amphibious, 8 rings, constrict 8, camouflage 1, gelatinous
body 1
a: no special abilities


You were on level 1 of the Dungeon.
You were not hungry.

You visited 1 branch of the dungeon, and saw 1 of its levels.

You collected 9 gold pieces.

Inventory:

Missiles
 a - 5 javelins (quivered)
 b - 2 throwing nets {=f, !d}
Scrolls
 e - 3 scrolls of remove curse {unknown}
Books
 c - a book of Debilitation

   Spells                             Type                      Level
   a - Corona                         Hexes                        1
   b - Slow                           Hexes                        2
   c - Gell's Gravitas                Hexes/Translocation          3
   d - Inner Flame                    Hexes/Fire                   3
   e - Cause Fear                     Hexes                        4
   f - Leda's Liquefaction            Hexes/Earth                  4
Comestibles
 d - a bread ration


   Skills:
 + Level 1.0 Fighting
 + Level 2.1 Throwing
 + Level 2.0 Dodging
 + Level 1.0 Spellcasting
 + Level 3.0 Hexes


You had one spell level left.
You knew the following spells:

 Your Spells              Type           Power        Failure   Level  Hunger
v - Corona                Hex            #......      10%         1    ##.....


Dungeon Overview and Level Annotations

Branches:
Dungeon (1/15)

Altars:


Innate Abilities, Weirdness & Mutations

You cannot wear most types of armour.
You are amphibious.
You can wear up to eight rings at the same time.
You can use your tentacles to constrict eight enemies at once.
Your skin changes colour to match your surroundings (Stealth).
Your rubbery body absorbs attacks (AC +1).


Message History

Welcome back, dpvblackbelt the Octopode Arcane Marksman.
Press ? for a list of commands and other information.
Lua error: [string "/dgldir/rcfiles/crawl-0.17/dpvblackbelt.rc"]:2: attempt to call global 'AnnounceDamage' (a nil value)
You see here a hobgoblin corpse.
Lua error: [string "/dgldir/rcfiles/crawl-0.17/dpvblackbelt.rc"]:2: attempt to call global 'AnnounceDamage' (a nil value) Lua error: [string "/dgldir/rcfiles/crawl-0.17/dpvblackbelt.rc"]:2: attempt to call global 'AnnounceDamage' (a nil value) Unknown command.
Lua error: [string "/dgldir/rcfiles/crawl-0.17/dpvblackbelt.rc"]:2: attempt to call global 'AnnounceDamage' (a nil value) Saving game... please wait.
Welcome back, dpvblackbelt the Octopode Arcane Marksman.
Press ? for a list of commands and other information.
You see here a hobgoblin corpse.
Found a ring mail.
You now have 9 gold pieces.
e - 3 scrolls labeled YCIRRO VOTOE Unknown command.
Saving game... please wait.
Welcome back, dpvblackbelt the Octopode Arcane Marksman.
Press ? for a list of commands and other information.
Are you sure you want to abandon this character and quit the game? (Confirm with "yes".)

#...#..##..# #.
..#...#...#..#.#
#..#...#...#...#..#
....#...#...#....# #
.#...#...#...#..# #.
..#...#...#....#
#..#...#...#...#.†####
#....#[..#...#........
#.@.#...#...#..####
#..#...#...#....#
##...#...#......####
#.....#.....##.....
#.#.......#####.###
#.###...### .# #.
##### .# #. .# ..


There were no monsters in sight!

Vanquished Creatures
  A giant cockroach (D:1)
  A hobgoblin (D:1)
2 creatures vanquished.

Notes
Turn   | Place    | Note
--------------------------------------------------------------
     0 | D:1      | dpvblackbelt the Octopode Arcane Marksman began the quest for the Orb.
     0 | D:1      | Reached XP level 1. HP: 13/13 MP: 2/2
    92 | D:1      | Upgraded the game from 0.17-b1-25-g6d8775f to 0.17.0
    92 | D:1      | Quit the game

Action                   || total
-------------------------++-------
Melee: Unarmed           ||     5
 Stab: Sleeping          ||     1
